 Dungeon Crawl Stone Soup version 0.21.1-1-g345015f (webtiles) character file.

147 thiefofnight the Sneak (level 5, -1/40 HPs)
             Began as a Merfolk Assassin on Apr 28, 2018.
             Killed from afar by a white imp (9 damage)
             ... with a puff of frost
             ... summoned by Natasha
             ... on level 3 of the Dungeon on Apr 29, 2018.
             The game lasted 00:12:19 (3315 turns).

thiefofnight the Sneak (Merfolk Assassin)           Turns: 3315, Time: 00:12:19

Health: -1/40      AC:  3    Str: 10 (13) XL:     5   Next: 29%
Magic:  5/5        EV: 13    Int:  8 (10) God:
Gold:   64         SH:  0    Dex: 16 (17) Spells: 4/4 levels left

rFire    . . .     SeeInvis .   a - +2 dagger
rCold    . . .     Gourm    .   (no shield)
rNeg     . . .     Faith    .   c - +0 robe
rPois    .         Spirit   .   (no helmet)
rElec    .         Reflect  .   d - +0 cloak
rCorr    .         Harm     .   (no gloves)
MR       +....                  (no boots)
Stlth    +++.......             (no amulet)
HPRegen  0.13/turn              (no ring)
MPRegen  0.09/turn              (no ring)

@: hasted, very quick
A: change form in water, swift swim, stealthy swim, deterioration 1, magic
resistance 1, strong 1
a: no special abilities


You were on level 3 of the Dungeon.
You were not hungry.

You visited 1 branch of the dungeon, and saw 3 of its levels.

You collected 64 gold pieces.

Inventory:

Hand Weapons
 a - a +2 dagger (weapon)
 b - a +0 blowgun
Missiles
 e - 8 poisoned needles
 f - 2 curare-tipped needles
Armour
 c - a +0 robe (worn)
 d - a +0 cloak (worn)
 i - a +0 leather armour
 q - a +0 robe
 r - a +0 leather armour
Jewellery
 j - a cursed ring of teleportation {unknown}
 k - an uncursed amulet of guardian spirit {unknown}
 p - a cursed ring of teleportation {unknown}
Scrolls
 l - a scroll of teleportation {unknown}
 m - a scroll of immolation {unknown}
 o - a scroll of identify {unknown}
Comestibles
 g - 4 rations
 h - a chunk of flesh


   Skills:
 + Level 2.8 Fighting
 + Level 3.7 Short Blades
 - Level 2.1 Throwing
 + Level 3.0 Dodging
 * Level 6.0 Stealth


You had 4 spell levels left.
You didn't know any spells.

Dungeon Overview and Level Annotations

Branches:
Dungeon (3/15)

Altars:
Nemelex Xobeh

Annotations:
D:3 Natasha


Innate Abilities, Weirdness & Mutations

You revert to your normal form in water.
You are very nimble and swift while swimming.
You are very stealthy in the water. (Stealth+)
Your body sometimes deteriorates upon taking damage.
You are resistant to hostile enchantments. (MR+)
Your muscles are strong. (Str +2)


Message History

The shadow imp gestures at you. You resist with some effort.
You hit the shadow imp.
The shadow imp is severely wounded.
The shadow imp disappears in a puff of smoke!
Natasha casts a spell at you. The magic dart hits you!
You feel yourself speed up. The white imp gestures at you.
The puff of frost hits you! The white imp barely misses you.
You see here 10 arrows.
Natasha casts a spell.
Natasha casts a spell at you. The magic dart hits you!
* * * LOW HITPOINT WARNING * * *
The crimson imp blinks!
The white imp gestures at you. The puff of frost hits you!
You die...

### ..# #.. ..
###### #.# #....#
..#
##########..$.###5#
.........#...5..@.#
(........##h......#
...(....<##..####..#
.........##ยง.# #.#
.........#..## .#
.%.......#..# .#
...........## #
#.#####.#..# ..#
#....#


You could see Natasha, a crimson imp and a white imp.

Vanquished Creatures
  5 adders
  An ooze (D:2)
  2 worms (D:2)
  5 dart slugs
  2 leopard geckos
  An orc (D:2)
  6 bats
  4 giant cockroaches
  9 goblins
  8 hobgoblins
  9 jackals (D:1)
  5 frilled lizards
  10 kobolds
  7 rats
74 creatures vanquished.

Notes
Turn   | Place    | Note
-------+----------+-------------------------------------------
     0 | D:1      | thiefofnight the Merfolk Assassin began the quest for the Orb.
     0 | D:1      | Reached XP level 1. HP: 16/16 MP: 1/1
    70 | D:1      | Reached XP level 2. HP: 21/22 MP: 2/2
   139 | D:1      | Reached skill level 5 in Stealth
   491 | D:1      | Reached XP level 3. HP: 27/27 MP: 3/3
  1392 | D:2      | Reached XP level 4. HP: 33/34 MP: 4/4
  2283 | D:2      | Reached XP level 5. HP: 10/39 MP: 5/5
  2305 | D:2      | Gained mutation: You are resistant to hostile enchantments. (MR+) [potion of mutation]
  2305 | D:2      | Gained mutation: Your body sometimes deteriorates upon taking damage. [potion of mutation]
  2305 | D:2      | Gained mutation: Your muscles are strong. (Str +2) [potion of mutation]
  2747 | D:2      | Found a sparkling altar of Nemelex Xobeh.
  2769 | D:2      | HP: 1/39 [ooze (2)]
  3210 | D:3      | Reached skill level 6 in Stealth
  3282 | D:3      | Noticed Natasha
  3315 | D:3      | Killed from afar by a white imp

Skill      XL: |  1  2  3  4  5 |
---------------+----------------+-----
Stealth        | 5 6 |  6.0
Dodging        | 2 3 |  3.0
Short Blades   | 3 |  3.7
Fighting       | |  2.8
Throwing       | |  2.1

Action                   |  1- 3 |  4- 6 || total
-------------------------+-------+-------++-------
Melee: Dagger            |   147 |   175 ||   322
  Use: Potion            |       |     6 ||     6
       Scroll            |       |     2 ||     2
 Stab: Sleeping          |     4 |     5 ||     9
  Eat: Chunk             |     1 |     2 ||     3
       Ration            |     1 |     1 ||     2
Armor: Robe              |    26 |    33 ||    59
Dodge: Dodged            |    79 |   111 ||   190
